AoeStats
← Vooodowar

Golden Pit

507648980Analyzed
1v1 RM · 12d ago on Sep 19, 2026· 51m 16s· 2 players
Game mode
Random Map
Map size
Tiny (2 player)
Population
200
Speed
Normal
Resources
Standard
Victory
Conquest
Starting age
Dark Age
Ending age
Imperial Age
RankedLock teamsTeams togetherTeam positionsShared explorationLock speedFull tech treeHidden civsTurbo modeCheats
Victory
Defeat
🇲🇽 Magyars · Mexico
604
+15
🇵🇪 Spanish · Peru
585
-15
Diegor
11:58 Feudal Age
14:11 Horse Collar
15:11 Double-Bit Axe
27:22 Castle Age
44:59 Squires
47:10 Scale Mail Armor
Vooodowar
5:08 Loom
12:28 Feudal Age
14:45 Scale Mail Armor
14:40 Man-at-Arms
16:11 Double-Bit Axe
18:21 Horse Collar
23:37 Fletching
28:46 Castle Age
28:01 Bloodlines
30:17 Wheelbarrow
29:28 Town Watch
30:11 Heavy Plow
31:45 Long Swordsman
34:28 Light Cavalry
37:05 Scale Barding Armor
37:32 Husbandry
36:53 Light Cavalry
39:44 Hand Cart
39:30 Town Patrol
43:29 Imperial Age
42:04 Ballistics
41:40 Murder Holes
42:46 Corvinian Army
43:46 Cavalier
43:56 Hussar
45:48 Crop Rotation
46:30 Chemistry
45:21 Heated Shot
45:37 Siege Engineers
45:51 Fervor
46:30 Chain Barding Armor
46:06 Bodkin Arrow
46:12 Padded Archer Armor
48:12 Plate Barding Armor
47:33 Bodkin Arrow
47:39 Padded Archer Armor
Connection lost

Rejoining the realm…

Still unreachable

The connection could not be restored.

Session expired

The server has moved on; the page needs a fresh start.